 Dungeon Crawl Stone Soup version 0.31-a0-640-g39d97e502b (webtiles) character file.

Game seed: 2339305279628448746

27628 thirtiethelement the Blocker (level 13, -10/100 HPs)
             Began as a Demonspawn Necromancer on Aug 28, 2023.
             Was the Champion of Cheibriados.
             Mangled by an elephant (14 damage)
             ... on level 3 of the Lair of Beasts.
             The game lasted 01:09:23 (16107 turns).

thirtiethelement the Blocker (DsNe)                Turns: 16107, Time: 01:09:23

Health: -10/100    AC: 14    Str: 27    XL:     13   Next: 5%
Magic:  13/26      EV:  8    Int: 32    God:    Cheibriados [******]
Gold:   499        SH:  0    Dex: 30    Spells: 15/31 levels left

rFire   x . .        I - +1 short sword (elec)
rCold   + + +        d - +0 buckler
rNeg    . . .        j - +4 ring mail of the Evil One {Drain rPois rC+++ Int-2}
rPois   +            (helmet restricted)
rElec   .            (no cloak)
rCorr   +            z - +0 pair of gloves
SInv    +            (no boots)
Will    .....        (no amulet)
Stlth   ++++         A - ring of resist corrosion
HPRegen 0.36/turn    a - ring of Uvujuir {Ice SInv}
MPRegen 0.20/turn

%: no passive effects
@: lethally poisoned (-10 -> -12), held, studying Shields, invisible, very slow
A: horns 2, rugged brown scales 3, demonic guardian 2, foul stench 2, robust 1,
strong 1
a: Renounce Religion, Bend Time, Temporal Distortion, Slouch, Step From Time


You were on level 3 of the Lair of Beasts.
You worshipped Cheibriados.
Cheibriados was exalted by your worship.
You visited 3 branches of the dungeon, and saw 13 of its levels.
You also visited: Sewer and Bailey.

You collected 783 gold pieces.
You spent 284 gold pieces at shops.

Inventory:

Hand Weapons
 I - a +1 short sword of electrocution (weapon)
Missiles
 p - 25 poisoned darts (quivered)
 D - 27 javelins
Armour
 d - a +0 buckler (worn)
 j - the +4 ring mail of the Evil One (worn) {Drain rPois rC+++ Int-2}
   (You found it on level 3 of the Dungeon)

   Int-2:     It affects your intelligence (-2).
   rC+++:     It renders you almost immune to cold.
   rPois:     It protects you from poison Drain: It drains your maximum health
   when unequipped.
 z - a +0 pair of gloves (worn)
 E - +1 ice dragon scales
Jewellery
 a - the ring of Uvujuir (right hand) {Ice SInv}
   (You found it on level 4 of the Dungeon)

   [ring of ice]

   Ice:       It enhances your ice magic.
   rF-:       It makes you vulnerable to fire.
   rC+:       It protects you from cold.
   SInv:      It lets you see invisible.
 g - a ring of wizardry
 h - an amulet of guardian spirit
 w - an amulet of regeneration
 A - a ring of resist corrosion (left hand)
Wands
 o - a wand of flame (9)
 u - a wand of roots (9)
Scrolls
 c - a scroll of blinking
 e - a scroll of enchant weapon
 k - 2 scrolls of revelation
 l - 2 scrolls of vulnerability
 m - 3 scrolls of immolation
 n - 2 scrolls of fog
 t - a scroll of identify
 v - 3 scrolls of fear
 y - a scroll of poison
 B - 3 scrolls of amnesia
 F - 3 scrolls of enchant armour
 G - a scroll of brand weapon
Potions
 b - a potion of magic
 f - 5 potions of curing
 i - a potion of enlightenment
 q - a potion of haste
 r - 2 potions of might
 x - 2 potions of lignification
 C - a potion of mutation
 H - a potion of invisibility


   Skills:
 + Level 3.2 Fighting
 + Level 4.3 Short Blades
 + Level 1.6 Throwing
 + Level 5.9 Armour
 + Level 4.2 Dodging
 + Level 9.0 Stealth
 * Level 10.3 Shields
 + Level 0.1 Unarmed Combat
 + Level 9.9 Spellcasting
 + Level 5.8 Hexes
 + Level 2.3 Summonings
 + Level 10.2 Necromancy
 + Level 5.1 Ice Magic
 + Level 1.3 Invocations
 + Level 0.9 Evocations


You had 15 spell levels left.
You knew the following spells:

 Your Spells              Type           Power      Damage    Failure   Level
a - Necrotise             Necr           100%       1d9       1%          1
b - Vampiric Draining     Necr           69%        2d10      1%          3
c - Ensorcelled Hibernat  Hex/Ice        100%       N/A       1%          2
d - Summon Small Mammal   Summ           100%       N/A       1%          1
e - Ozocubu's Armour      Ice            64%        N/A       1%          3
f - Blink                 Tloc           32%        N/A       8%          2
g - Animate Dead          Necr           69%        N/A       1%          4

Your spell library contained the following spells:

 Spells                   Type           Power      Damage    Failure   Level
 Anguish                  Hex/Necr       30%        N/A       1%          4
 Agony                    Necr           69%        N/A       1%          5
 Summon Guardian Golem    Hex/Summ       42%        N/A       2%          3
 Dazzling Flash           Conj/Hex       68%        N/A       4%          3
 Call Canine Familiar     Summ           31%        N/A       5%          3
 Wereblood                Tmut           15%        N/A       8%          2
 Volatile Blastmotes      Fire/Tloc      32%        2d12      14%         3
 Summon Mana Viper        Hex/Summ       42%        N/A       26%         5
 Manifold Assault         Tloc           16%        N/A       43%         4
 Summon Forest            Summ/Tloc      11%        N/A       63%         5
 Irradiate                Conj/Tmut      7%         3d14      80%         5
 Summon Cactus Giant      Summ           15%        N/A       96%         6
 Ozocubu's Refrigeration  Ice            32%        4d14      99%         7
 Starburst                Conj/Fire      7%         6d4       100%        6
 Maxwell's Capacitive Co  Air            7%         ∞         100%        8


Dungeon Overview and Level Annotations

Branches:
Dungeon (9/15)             Temple (1/1) D:4            Lair (3/5) D:8
 Shoals (0/4) Lair:3       Spider (0/4) Lair:3        Sewer (visited)
 Bailey (visited)
    Orc: D:9-12

Altars:
Ashenzari
Cheibriados
Dithmenos
Fedhas
Hepliaklqana
Kikubaaqudgha
Makhleb
Nemelex Xobeh
Qazlal
Ru
Sif Muna
Trog
Uskayaw
Vehumet
Wu Jian
Xom
Yredelemnul

Shops:
D:1 ?   D:3 *   D:6 =   D:7 (:   D:9 *


Innate Abilities, Weirdness & Mutations

You have a pair of horns on your head.
You are completely covered in rugged brown scales. (AC +3, +7% HP)
A demonic guardian rushes to your aid.
You sometimes emit foul miasma when damaged in melee.
You are robust. (+10% HP)
Your muscles are strong. (Str +4, Int/Dex -1)


Message History

Press: ? - help, Dir - look around, f - activate You fail to use your ability.
You feel sick.
The elephant is no longer moving slowly.
The elephant tramples you but does no damage.
The elephant closely misses you.
The elephant is engulfed in dark miasma.
The elephant looks even sicker.
The elephant tramples you.
* * * LOW HITPOINT WARNING * * *
You hold your ground!
The elephant trunk-slaps you but does no damage.
Your cane toad zombie hits the elephant but does no damage.
Activating: Slouch (43% risk of failure)
Press: ? - help, Dir - look around, f - activate You can feel time thicken for a moment.
You destroy your cane toad zombie!
You feel sick. The elephant tramples you!
* * * LOW HITPOINT WARNING * * *
A demonic guardian appears!
You hold your ground!
The elephant trunk-slaps you.
* * * LOW HITPOINT WARNING * * *
You emit a cloud of foul miasma!
The elephant tramples you but does no damage.
The elephant trunk-slaps you but does no damage.
The elephant tramples you but does no damage.
The elephant trunk-slaps you but does no damage.
The elephant is engulfed in dark miasma.
The elephant looks even sicker.
The elephant seems to slow down.
The elephant tramples you!
* * * LOW HITPOINT WARNING * * *
You hold your ground!
The elephant trunk-slaps you.
* * * LOW HITPOINT WARNING * * *
You fade into invisibility!
The elephant is no longer moving slowly.
The elephant tramples you but does no damage.
The elephant trunk-slaps you but does no damage.
The elephant is engulfed in dark miasma.
The elephant is poisoned.
The elephant barely misses you.
The elephant trunk-slaps you but does no damage.
The elephant is engulfed in dark miasma.
The elephant looks as sick as possible!
The elephant tramples you!
You die...

###≈≈#≈..........
.#...##.......^....
.........#........^
.........##^......
.#.#.....##^^..^## ##
..........#^^^^^^# #.#
.#.........#^>^^###.##
.#..........^^^##^...###
...)~...#^^...##@Y......
~~~~....#^^...3§YY......
#.#~....##^^.^..Y.^.....
.>.~~....#^##...^.......
#.#~~.....##............
~~~~~..#.......+........
~.~~~......#.##.........
............. .........
##.###.P.#.## ####P..#.


You could see 4 elephants and a friendly smoke demon (summoned).

Vanquished Creatures
  A hydra (Lair:3)
  A boulder beetle (Lair:2)
  2 black mambas
  7 cane toads
  3 komodo dragons
  An ice devil (D:9)
  A hellwing (D:9)
  A hornet (D:8)
  2 polar bears (Lair:1)
  Prince Ribbit (Lair:3)
  16 blink frogs
  7 yaks
  A fire bat (Lair:3)
  2 wyverns
  3 hogs (Lair:3)
  A basilisk (D:8)
  A neqoxec (D:9)
  A fire elemental (Lair:3)
  2 steam dragons (D:8)
  Edmund (D:5)
  5 water moccasins
  A cane toad zombie (Lair:3)
  2 black bears
  12 orc warriors
  2 ice beasts
  2 ogres (D:5)
  16 wolves
  14 centaurs
  A phantom (D:7)
  2 kobold brigands
  6 bullfrogs
  3 scorpions
  5 wights (D:8)
  6 killer bees (D:8)
  A howler monkey (D:8)
  A lava snake (Lair:3)
  7 orc priests
  9 hounds
  3 jellies
  A quasit (D:8)
  2 gnoll boudas (D:7)
  7 orc wizards
  2 iguanas
  12 gnolls
  6 adders
  4 river rats
  A shadow imp (D:6)
  3 white imps
  An ufetubus (D:6)
  5 dart slugs
  59 orcs
  6 endoplasms
  A giant cockroach (D:1)
  11 goblins
  14 hobgoblins
  9 jackals
  3 quokkas
  5 ball pythons
  7 bats
  6 frilled lizards
  24 kobolds
  8 rats
350 creatures vanquished.

Vanquished Creatures (collateral kills)
  Kirke (Lair:3)
  A hydra (Lair:3)
  2 harpies (Lair:3)
  An oklob plant (Lair:1)
  A rust devil (D:8)
  An elephant (Lair:3)
  A black mamba (Lair:3)
  3 cane toads
  A rime drake (Lair:3)
  An efreet (D:8)
  3 komodo dragons (Lair:2)
  A troll (D:8)
  Grinder (D:4)
  A polar bear (Lair:2)
  2 blink frogs
  A fire elemental (Lair:3)
  2 redbacks (Lair:3)
  An acid dragon (D:7)
  3 water moccasins
  An orc warrior (D:9)
  9 wolves
  The ghost of hgbash the Conjurer, an amateur DECj (D:3)
  5 bullfrogs
  An orc priest (D:3)
  A hell rat (Sewer)
  A gnoll (D:1)
  A dart slug (D:3)
  An orc (D:7)
  An endoplasm (D:1)
  A hobgoblin (D:8)
  2 kobolds
  3 rats
56 creatures vanquished.

Vanquished Creatures (others)
  A hydra zombie (Lair:3)
  A blink frog zombie (Lair:2)
  2 hog zombies (Lair:3)
  A water moccasin zombie (Lair:1)
  A howler monkey (D:8)
  14 wolf zombies
  An electric eel (D:8)
  A bullfrog zombie (Lair:3)
  2 kobolds (D:8)
24 creatures vanquished.

Grand Total: 430 creatures vanquished

Notes
Turn   | Place    | Note
-------+----------+-------------------------------------------
     0 | D:1      | thirtiethelement the Demonspawn Necromancer began the quest
                  | for the Orb.
     0 | D:1      | Reached XP level 1. HP: 13/13 MP: 3/3
     6 | D:1      | Noticed a hound
     6 | D:1      | Noticed a salamander
     6 | D:1      | Noticed a polar bear
    51 | D:1      | Found Ligh's Magic Scroll Shoppe.
   328 | D:1      | Gained mutation: A weak demonic guardian rushes to your
                  | aid. [demonic ancestry]
   328 | D:1      | Reached XP level 2. HP: 19/19 MP: 3/5
   548 | D:1      | Reached skill level 5 in Necromancy
   613 | D:1      | Found a faded altar of an unknown god.
   691 | D:1      | Gained mutation: A demonic guardian rushes to your aid.
                  | [demonic ancestry]
   691 | D:1      | Reached XP level 3. HP: 7/24 MP: 1/6
  1864 | D:2      | Learned a level 3 spell: Vampiric Draining
  1867 | D:2      | Learned a level 2 spell: Ensorcelled Hibernation
  2068 | D:3      | Found a glowing drain.
  2080 | D:3      | Gained mutation: You are partially covered in rugged brown
                  | scales. (AC +1, +3% HP) [demonic ancestry]
  2080 | D:3      | Reached XP level 4. HP: 11/30 MP: 0/7
  2217 | Sewer    | Entered a sewer
  2483 | D:3      | Gained mutation: You are mostly covered in rugged brown
                  | scales. (AC +2, +5% HP) [demonic ancestry]
  2483 | D:3      | Reached XP level 5. HP: 22/37 MP: 2/9
  2636 | D:3      | Found a sparkling altar of Nemelex Xobeh.
  2645 | D:3      | Found a broken altar of Ashenzari.
  2802 | D:3      | Learned a level 1 spell: Summon Small Mammal
  2983 | D:3      | Found Zin's Purification Station.
  3022 | D:3      | Reached skill level 1 in Short Blades
  3560 | D:3      | Found a runed translucent door.
  3565 | D:3      | Noticed hgbash's ghost (amateur DECj)
  3580 | D:3      | Killed hgbash's ghost
  3581 | D:3      | Reached XP level 6. HP: 5/44 MP: 5/10
  3587 | D:3      | Identified the +4 ring mail of the Evil One {Drain rPois
                  | rC+++ Int-2}
  3810 | D:4      | Noticed Grinder
  3835 | D:4      | Paralysed by Grinder for 2 turns
  3843 | D:4      | Paralysed by Grinder for 3 turns
  3846 | D:4      | Killed Grinder
  3847 | D:4      | Reached skill level 1 in Hexes
  3847 | D:4      | Reached skill level 1 in Summonings
  3847 | D:4      | Reached skill level 1 in Ice Magic
  3918 | D:4      | Identified the ring of Uvujuir {Ice SInv}
  3931 | D:4      | Gained mutation: You have a pair of small horns on your
                  | head. [demonic ancestry]
  3931 | D:4      | Reached XP level 7. HP: 49/49 MP: 6/13
  3964 | D:4      | Found a staircase to the Ecumenical Temple.
  3979 | Temple   | Entered the Ecumenical Temple
  4026 | Temple   | Became a worshipper of Cheibriados the Contemplative
  4141 | D:4      | Found a shadowy altar of Dithmenos.
  4902 | D:5      | Entered Level 5 of the Dungeon
  5088 | D:5      | Reached * piety under Cheibriados
  5180 | D:5      | Learned a level 3 spell: Ozocubu's Armour
  5366 | D:5      | Reached skill level 1 in Armour
  5366 | D:5      | Reached skill level 5 in Spellcasting
  5366 | D:5      | Gained mutation: You may rarely emit foul miasma when
                  | damaged in melee. [demonic ancestry]
  5366 | D:5      | Reached XP level 8. HP: 50/55 MP: 12/15
  5478 | D:5      | Noticed Edmund
  5488 | D:5      | Killed Edmund
  5961 | D:6      | Found a radiant altar of Vehumet.
  5969 | D:6      | Reached skill level 1 in Fighting
  6273 | D:6      | Reached ** piety under Cheibriados
  6366 | D:6      | Found Waasur's Jewellery Emporium.
  6869 | D:7      | Identified the +0 helmet of Hedging {Dex+3 Stlth+}
  6882 | D:7      | Gained mutation: You sometimes emit foul miasma when
                  | damaged in melee. [demonic ancestry]
  6882 | D:7      | Reached XP level 9. HP: 32/61 MP: 15/18
  7160 | D:7      | Reached *** piety under Cheibriados
  7316 | D:7      | Found Totygias's Antique Weapon Boutique.
  7432 | D:7      | Reached skill level 1 in Shields
  7451 | D:7      | Learned a level 2 spell: Blink
  7578 | D:7      | Reached skill level 5 in Stealth
  7916 | D:7      | Reached **** piety under Cheibriados
  7982 | D:7      | Found Medabbi's Book Emporium.
  8192 | D:8      | Noticed a troll
  8204 | D:8      | HP: 1/61 [troll (11)]
  8207 | D:8      | Killed a troll
  8249 | D:8      | Noticed an efreet
  8493 | D:8      | Found a flagged portal.
  8501 | Bailey   | Entered a bailey
  8516 | Bailey   | Reached ***** piety under Cheibriados
  8928 | Bailey   | Gained mutation: You are robust. (+10% HP) [demonic
                  | ancestry]
  8928 | Bailey   | Reached XP level 10. HP: 64/77 MP: 20/20
 10337 | D:8      | Found a staircase to the Lair.
 11343 | D:9      | Noticed a soul eater
 11547 | D:9      | Found Jeefeu's Assorted Antiques.
 11559 | D:9      | Bought a dazzling glaive for 264 gold pieces
 11559 | D:9      | Identified the +3 glaive of the End of Times {speed, rC+
                  | Will++ Str-3 Int+4} (You bought it in a shop on level 9 of
                  | the Dungeon)
 11559 | D:9      | Bought a bubbling blue potion for 20 gold pieces
 11781 | D:9      | Reached ****** piety under Cheibriados
 11932 | D:9      | Reached skill level 5 in Shields
 11939 | D:9      | Gained mutation: Your muscles are strong. (Str +4, Int/Dex
                  | -1) [a neqoxec]
 12041 | D:9      | Reached XP level 11. HP: 78/82 MP: 20/23
 12647 | D:8      | HP: 3/77 [soul eater (8)]
 12854 | Lair:1   | Entered Level 1 of the Lair of Beasts
 12858 | Lair:1   | Reached skill level 1 in Throwing
 13376 | Lair:1   | Learned a level 4 spell: Animate Dead
 13482 | Lair:1   | Noticed an oklob plant
 13496 | Lair:1   | HP: 3/85 [oklob plant/splash of acid (10)]
 13727 | Lair:1   | Killed an oklob plant
 14270 | Lair:2   | Reached skill level 5 in Hexes
 14494 | Lair:2   | Gained mutation: You have a pair of horns on your head.
                  | [demonic ancestry]
 14494 | Lair:2   | Reached XP level 12. HP: 37/92 MP: 4/25
 14779 | Lair:2   | Noticed a boulder beetle
 14791 | Lair:2   | Killed a boulder beetle
 14866 | Lair:2   | Reached skill level 5 in Armour
 14998 | Lair:2   | Found a shadowy altar of Dithmenos.
 15652 | Lair:3   | Noticed Prince Ribbit
 15668 | Lair:3   | Killed Prince Ribbit
 15675 | Lair:3   | Noticed a six-headed hydra
 15680 | Lair:3   | Killed a six-headed hydra
 15781 | Lair:3   | Noticed Kirke
 15795 | Lair:3   | Killed Kirke
 15796 | Lair:3   | Reached skill level 10 in Necromancy
 15828 | Lair:3   | Found a gate leading to a gauntlet.
 15840 | Lair:3   | Reached skill level 10 in Shields
 15859 | Lair:3   | Reached skill level 1 in Invocations
 15869 | Lair:3   | Noticed a six-headed hydra
 15884 | Lair:3   | Killed a six-headed hydra
 16075 | Lair:3   | Found a staircase to the Shoals.
 16083 | Lair:3   | Reached skill level 5 in Ice Magic
 16083 | Lair:3   | Gained mutation: You are completely covered in rugged brown
                  | scales. (AC +3, +7% HP) [demonic ancestry]
 16083 | Lair:3   | Reached XP level 13. HP: 91/100 MP: 19/26
 16093 | Lair:3   | Found a hole to the Spider Nest.
 16106 | Lair:3   | HP: 4/100 [elephant (2)]
 16107 | Lair:3   | Mangled by an elephant

Illustrated notes

Levels and vault maps discovered:
D:1:      onia_arrival_zoo_common, layout_loops_ring,
          hellmonk_ecumenical_altar_pennies_from_heaven, serial_shops, shop,
          nrook_mini_backslash, serial_bayou_pond_c, minmay_misc_feat_iff,
          lexackson_kobold_supper
D:2:      layout_basic
D:3:      layout_basic, mainiacjoe_overflow_swirl, nicolae_tso_carved_into_rock,
          zin_purify, portal_sewer_entry_c, ebering_ghost_reflecting_pool,
          minmay_misc_feat_tiny, minmay_distorted
D:4:      layout_layer_cave, nicolae_dithmenos_the_darkroom,
          minmay_temple_entry_sparse_star, uniq_grinder
D:5:      layout_basic, uniq_edmund
D:6:      layout_basic, fiery_altar_vehumet, serial_shops, nicolae_diamond_shop
D:7:      corexii_shantytown, layout_loops_ring, serial_shops, shop,
          nicolae_lakefront_shop
D:8:      layout_gridville, erik_lair_island, enter_bailey_4
D:9:      layout_loops_corners, lemuel_tele_altar, serial_shops,
          nicolae_shop_tiny_glass, serial_demonic, serial_demonic_d,
          serial_demonic_c, serial_demonic_b, serial_demonic_a
Temple:   nicolae_temple_ecumenical_triangle
Lair:1:   layout_cave_pods
Lair:2:   layout_big_grid, basic_altar, grunt_forest_stairs_basic,
          grunt_megastairs_4
Lair:3:   layout_chaotic_city, nicolae_shoals_entry_roost,
          spider_nest_entry_webs, gauntlet_entry_generic,
          kennysheep_abandoned_house, uniq_kirke, uniq_prince_ribbit2

Skill      XL: |  1  2  3  4  5  6  7  8  9 10 11 12 |
---------------+-------------------------------------+-----
Necromancy     | 5 6 7 8 9 10 | 10.2
Stealth        | 2 3 4 5 7 8 9 |  9.0
Dodging        | 2 3 4 |  4.2
Spellcasting   | 3 4 5 6 7 8 9 |  9.9
Short Blades   | 1 2 3 4 |  4.3
Hexes          | 1 2 3 4 5 |  5.8
Summonings     | 1 2 |  2.3
Ice Magic      | 1 2 3 4 5 |  5.1
Armour         | 1 2 4 5 |  5.9
Fighting       | 1 2 3 |  3.2
Shields        | 1 5 7 10 | 10.3
Throwing       | 1 |  1.6
Invocations    | 1 |  1.3
Unarmed Combat | |  0.1
Evocations     | |  0.9

Action                     |  1- 3 |  4- 6 |  7- 9 | 10-12 | 13-15 || total
---------------------------+-------+-------+-------+-------+-------++-------
  Melee: Unarmed           |    17 |       |       |       |       ||    17
         Dagger            |    26 |    52 |   227 |   126 |       ||   431
         Headbutt          |       |       |    35 |    99 |     1 ||   135
         Short sword       |       |       |       |   226 |     1 ||   227
  Throw: Dart              |       |       |     1 |    42 |       ||    43
   Cast: Necrotise         |    60 |    43 |    93 |    75 |     1 ||   272
         Ensorcelled Hiber |     3 |    11 |    74 |   120 |     1 ||   209
         Summon Small Mamm |       |     9 |     2 |    10 |       ||    21
         Vampiric Draining |       |     1 |    16 |    25 |     2 ||    44
         Ozocubu's Armour  |       |       |     2 |       |       ||     2
         Animate Dead      |       |       |       |     6 |       ||     6
         Blink             |       |       |       |     1 |       ||     1
 Invoke: Slouch            |       |       |       |     1 |     1 ||     2
  Evoke: Wand              |       |       |       |    15 |       ||    15
    Use: Scroll            |     2 |     4 |     5 |    12 |       ||    23
         Potion            |       |     4 |     1 |     5 |     1 ||    11
   Stab: Sleeping          |     3 |     8 |    60 |    66 |       ||   137
         Distracted        |       |       |     1 |     2 |       ||     3
 Armour: Robe              |    10 |     9 |       |       |       ||    19
         Ring mail         |       |     5 |   138 |   180 |    15 ||   338
  Dodge: Dodged            |    38 |    27 |   168 |   391 |    11 ||   635
  Block: Buckler           |    13 |     8 |    69 |   231 |       ||   321

Table legend: (Time is in decaauts)
 A = Elapsed time spent in this place.
 B = Non-inter-level travel time spent in this place.
 C = Inter-level travel time spent in this place.
 D = Time resting spent in this place.
 E = Time spent auto-exploring this place.
 F = Levels seen in this place.
 G = Mean time per level.
                   A        B        C        D        E       F      G
               +--------+--------+--------+--------+--------+-----+--------+
         Total |  20482 |  20080 |    402 |   3006 |  12255 |  15 | 1365.5 |
       Dungeon |  13300 |  12999 |    301 |   1449 |   8937 |   9 | 1477.8 |
        Temple |     56 |     56 |      0 |     36 |      0 |   1 |   56.0 |
          Lair |   4786 |   4686 |    100 |    807 |   2618 |   3 | 1595.3 |
         Sewer |    224 |    224 |      0 |      0 |    153 |   1 |  224.0 |
        Bailey |   2114 |   2114 |      0 |    714 |    547 |   1 | 2114.0 |
               +--------+--------+--------+--------+--------+-----+--------+

Top non-repeatable levels by time:
     D:8: 3042 daAuts
  Bailey: 2114 daAuts
  Lair:1: 2101 daAuts
  Lair:2: 2024 daAuts
     D:7: 1899 daAuts
     D:3: 1535 daAuts
     D:4: 1262 daAuts
     D:6: 1209 daAuts
     D:1: 1201 daAuts
     D:5: 1166 daAuts
     D:9: 1141 daAuts
     D:2: 842 daAuts
  Lair:3: 660 daAuts
   Sewer: 224 daAuts
  Temple: 56 daAuts
